 Dungeon Crawl Stone Soup version 0.29-a0-721-g7f417c9bbb (webtiles) character file.

Game seed: 12393385032677178295

76 ytrimaz the Shield-Bearer (level 4, -2/35 HPs)
             Began as a Demonspawn Fighter on June 28, 2022.
             Slain by an ogre
             ... wielding a +0 giant spiked club
              (3 damage)
             ... on level 3 of the Dungeon.
             The game lasted 00:02:58 (2978 turns).

ytrimaz the Shield-Bearer (Demonspawn Fighter)      Turns: 2978, Time: 00:02:59

Health: -2/35      AC: 12    Str: 18    XL:     4   Next: 12%
Magic:  4/4        EV:  9    Int: 10    God:
Gold:   108        SH:  4    Dex: 12    Spells: 3/3 levels left

rFire   . . .      SeeInvis .   a - +1 war axe
rCold   . . .      Faith    .   c - +0 buckler
rNeg    . . .      Spirit   .   b - +0 scale mail
rPois   .          Reflect  .   (no helmet)
rElec   .          Harm     .   (no cloak)
rCorr   .          Rampage  .   (no gloves)
Will    .....                   (no boots)
Stlth   ..........              (no amulet)
HPRegen 0.11/turn               (no ring)
MPRegen 0.09/turn               (no ring)

@: sanguine armoured
A: foul stench 1, sanguine armour 1
a: no special abilities


You were on level 3 of the Dungeon.
You visited 1 branch of the dungeon, and saw 3 of its levels.

You collected 108 gold pieces.

Inventory:

Hand Weapons
 a - a +1 war axe (weapon)
Armour
 b - a +0 scale mail (worn)
 c - a +0 buckler (worn)
Jewellery
 m - a ring of protection from fire
Wands
 i - a wand of flame (17)
Scrolls
 e - 2 scrolls of teleportation
 j - a scroll of magic mapping {unknown}
 k - 2 scrolls of identify {unknown}
Potions
 d - a potion of might
 f - a potion of heal wounds {unknown}
 g - a potion of attraction {unknown}
 h - 3 potions of lignification {unknown}
 l - a potion of curing {unknown}


   Skills:
 - Level 3.0 Fighting
 + Level 3.3 Axes
 - Level 2.6 Armour
 + Level 3.5 Shields


You had 3 spell levels left.
You didn't know any spells.
Your spell library contained the following spells:

 Spells                   Type           Power      Damage    Failure   Level
 Necrotize                Necr           0%         1d4       85%         1
 Vampiric Draining        Necr           0%         2d6       99%         3
 Agony                    Necr           0%         N/A       100%        5


Dungeon Overview and Level Annotations

Branches:
Dungeon (3/15)

Altars:


Innate Abilities, Weirdness & Mutations

You may rarely emit foul miasma when damaged in melee.
When seriously injured, your blood forms armour. (AC +6)


Message History

a +0 short sword; 5 poisoned darts; a kobold corpse Unknown command.
Found a scroll labelled ZIOCEPO MEDE.
A kobold comes into view. It is wielding a +0 short sword.
A kobold is nearby!
A kobold is nearby!
The kobold shouts!
You hear a shout!
The kobold throws a stone.
The stone hits you. The kobold hits you but does no damage.
You slash the kobold!
You kill the kobold!
Things that are here:
a +0 short sword; 5 stones An endoplasm comes into view.
The endoplasm quivers.
An endoplasm is nearby!
An endoplasm is nearby!
The endoplasm hits you but does no damage.
You hit the endoplasm.
The endoplasm is lightly wounded.
The endoplasm hits you but does no damage.
The endoplasm freezes you.
You are frozen.
You hit the endoplasm.
You kill the endoplasm!
An ogre comes into view. It is wielding a +0 giant spiked club.
An ogre is nearby!
An ogre is nearby!
The ogre shouts!
You barely miss the ogre.
The ogre hits you with a +0 giant spiked club!!
Ouch! That really hurt!
* * * LOW HITPOINT WARNING * * *
Your blood congeals into armour.
You emit a cloud of foul miasma!
You hit the ogre.
The ogre is lightly wounded.
The ogre is engulfed in dark miasma.
The ogre is poisoned.
The ogre seems to slow down.
The ogre hits you with a +0 giant spiked club.
You die...

................#
#...............#
................#
..........).....#♣
#........)....!..♣
##...............♣
##...(.......#.#♣
###....###.##.#♣ .
.......# #.)..@♣
...#.###.# #....O♣
.?#.. #.#........♣
....
#.#.##.........
..#
..............# .
..#.#.........# #
##.# #.........# #
#.###.##### #. #.#


You could see an ogre (poisoned, slow).

Vanquished Creatures
  2 adders
  6 ball pythons
  4 bats
  6 endoplasms
  3 giant cockroaches (D:1)
  5 goblins
  3 hobgoblins (D:2)
  3 jackals (D:3)
  5 frilled lizards
  10 kobolds
  6 rats
53 creatures vanquished.

Vanquished Creatures (others)
  A fungus (D:1)
  A plant (D:1)
2 creatures vanquished.

Grand Total: 55 creatures vanquished

Notes
Turn   | Place    | Note
-------+----------+-------------------------------------------
     0 | D:1      | ytrimaz the Demonspawn Fighter began the quest for the Orb.
     0 | D:1      | Reached XP level 1. HP: 18/18 MP: 1/1
   359 | D:1      | Gained mutation: When seriously injured, your blood forms
                  | armour. (AC +6) [demonic ancestry]
   359 | D:1      | Reached XP level 2. HP: 23/24 MP: 2/2
   908 | D:1      | Found a faded altar of an unknown god.
  1540 | D:2      | Reached XP level 3. HP: 22/29 MP: 3/3
  2725 | D:3      | Gained mutation: You may rarely emit foul miasma when
                  | damaged in melee. [demonic ancestry]
  2725 | D:3      | Reached XP level 4. HP: 29/35 MP: 4/4
  2975 | D:3      | Noticed an ogre
  2977 | D:3      | HP: 1/35 [ogre/+0 giant spiked club (34)]
  2978 | D:3      | Slain by an ogre

Illustrated notes

Levels and vault maps discovered:
D:1:      dpeg_arrival_circle_labyrinth_a, layout_basic,
          dreamdust_ecumenical_altar_hidden_monk_grotto
D:2:      layout_loops_ring, kennysheep_generic_room_4
D:3:      layout_rooms, worldfamousw_hep_ancestral_shrine, elyvilon_altar_1,
          nzn_wu_jian_contemplation, mainiacjoe_overflow_paths,
          small_statue_intersection

Skill      XL: |  1  2  3 |
---------------+----------+-----
Axes           | 2 3 |  3.3
Shields        | 3 |  3.5
Fighting       | |  3.0
Armour         | |  2.6

Action                   |  1- 3 |  4- 6 || total
-------------------------+-------+-------++-------
Melee: War axe           |   139 |    15 ||   154
  Use: Scroll            |     3 |       ||     3
Armor: Scale mail        |    90 |    12 ||   102
Dodge: Dodged            |    85 |    10 ||    95
Block: Buckler           |    38 |     3 ||    41

Table legend: (Time is in decaauts)
 A = Elapsed time spent in this place.
 B = Non-inter-level travel time spent in this place.
 C = Inter-level travel time spent in this place.
 D = Time resting spent in this place.
 E = Time spent auto-exploring this place.
 F = Levels seen in this place.
 G = Mean time per level.
                   A        B        C        D        E       F      G
               +--------+--------+--------+--------+--------+-----+--------+
         Total |   3040 |   3004 |     36 |    100 |   2418 |   3 | 1013.3 |
       Dungeon |   3040 |   3004 |     36 |    100 |   2418 |   3 | 1013.3 |
               +--------+--------+--------+--------+--------+-----+--------+

Top non-repeatable levels by time:
     D:2: 1385 daAuts
     D:1: 1371 daAuts
     D:3: 282 daAuts
